Map: Automaton LE

Players

MrMister - Winner!

  • Race: Zerg Zerg
  • League: Platinum
  • Spawn Location: 3:00

Leviathan

  • Race: Terran Terran
  • Spawn Location: 9:00

VOD

Have the link to the VOD?

Description

Short, sloppy, and unfortunately not 5 proxy hatches.

Time

  • Played on: Jan. 22, 2019, 5:04 p.m.
  • Length: 4:17
Show
View Real Time Build Order
Export as new Build Order

MrMister Zerg - Winner!

Build Orders: Pool First 

Get SALT Encoding   

  12  0:01  Drone  
  13  0:13  Overlord  
  13  0:18  Drone  
  14  0:31  Drone  
  14  0:32  Drone  
  14  0:35  Drone  
  17  0:39  Extractor  
  16  0:54  Spawning Pool  
  16  0:56  Drone  
  17  1:00  Overlord  
  17  1:45  Hatchery  
  16  1:53  Hatchery  
  15  1:57  Zergling x6  
  18  2:06  Spine Crawler  
  18  2:08  Zergling x2  
  18  2:19  Zergling x2  
  18  2:26  Queen  
  20  2:33  Zergling x2  
  20  2:52  Drone  
  20  2:53  Spine Crawler, Drone  
  21  2:59  Zergling x2  
  21  3:02  Queen  
  24  3:07  Zergling x2  
  25  3:21  Drone x2  
  26  3:27  Zergling x6  
  29  3:40  Zergling x6  
  32  3:55  Spine Crawler  
  32  3:57  Spine Crawler  
Show
View Real Time Build Order
Export as new Build Order

Leviathan Terran 

Build Orders:  

Get SALT Encoding   

  12  0:01  SCV  
  13  0:17  Supply Depot  
  13  0:18  SCV  
  14  0:31  SCV  
  15  0:45  Refinery  
  15  0:48  Barracks  
  15  0:52  SCV  
  16  1:04  SCV  
  17  1:16  SCV  
  18  1:23  Supply Depot  
  18  1:29  SCV  
  19  1:35  Reaper  
  20  1:41  SCV  
  21  1:53  SCV  
  22  1:56  Bunker  
  22  2:05  SCV  
  23  2:09  Factory  
  23  2:33  SCV  
  24  2:45  SCV  
  24  2:47  Bunker  
  25  2:55  Command Center  
  25  2:56  Hellion  
  27  3:10  Barracks  
  27  3:26  Hellion  
Tags
 
League
Platinum
Matchup
TvZ
Opening
Pool First
Spawn Locations
Cross Positions
Add a new tag
Caveats
  • Supply blocks, unpowered buildings, or Contaminate may cause inaccurate times.
  • Supply counts are checked every 10 seconds.